 Dungeon Crawl Stone Soup version 0.28.0 (webtiles) character file.

Game seed: 5508934222123583550

4004 lonewolfV2 the Cleaver (level 10, -4/91 HPs)
             Began as a Deep Dwarf Fighter on Feb 10, 2022.
             Slain by a wyvern (5 damage)
             ... on level 7 of the Dungeon.
             The game lasted 00:15:59 (5417 turns).

lonewolfV2 the Cleaver (Deep Dwarf Fighter)         Turns: 5417, Time: 00:15:59

Health: -4/91      AC:  8    Str: 20    XL:     10   Next: 3%
Magic:  0/0        EV: 11    Int: 13    God:
Gold:   515        SH:  6    Dex: 12    Spells: 9/9 levels left

rFire   . . .      SeeInvis .   y - +2 mace (distort)
rCold   . . .      Faith    .   c - +1 buckler
rNeg    . . .      Spirit   .   b - +0 scale mail
rPois   +          Reflect  .   (no helmet)
rElec   .          Harm     .   (no cloak)
rCorr   .          Rampage  .   (no gloves)
Will    +....                   (no boots)
Stlth   ..........              p - amulet of magic regeneration
HPRegen 0.00/turn               h - ring of poison resistance
MPRegen 0.47/turn               l - ring of wizardry

@: studying Maces & Flails
A: damage resistance, heal wounds, sense surroundings 2, no regeneration
a: Heal Wounds


You were on level 7 of the Dungeon.
You visited 1 branch of the dungeon, and saw 7 of its levels.
You also visited: Ossuary.

You collected 515 gold pieces.

Inventory:

Hand Weapons
 a - a +0 war axe
 y - a +2 mace of distortion (weapon)
Armour
 b - a +0 scale mail (worn)
 c - a +1 buckler (worn)
Jewellery
 g - an amulet of faith
 h - a ring of poison resistance (left hand)
 l - a ring of wizardry (right hand)
 p - an amulet of magic regeneration (around neck)
 q - an amulet of the acrobat
Wands
 j - a wand of digging (2)
 v - a wand of flame (22)
 w - a wand of paralysis (12)
 B - a wand of polymorph (7)
Scrolls
 e - 3 scrolls of enchant armour
 f - 5 scrolls of teleportation
 r - a scroll of identify
 t - a scroll of amnesia
 u - a scroll of magic mapping
 x - 2 scrolls of noise {unknown}
 z - a scroll of fear {unknown}
 A - 3 scrolls of holy word
Potions
 d - 2 potions of might
 i - 3 potions of mutation
 k - 2 potions of flight
 m - a potion of cancellation
 n - 2 potions of brilliance
 o - 2 potions of degeneration
 C - a potion of berserk rage
Miscellaneous
 s - a phial of floods (quivered)


   Skills:
 + Level 5.9 Fighting
 + Level 10.8(11.0) Axes
 + Level 1.8(6.5) Maces & Flails
 + Level 8.1 Armour
 + Level 4.0 Dodging
 + Level 2.0 Stealth
 + Level 5.5 Shields


You had 9 spell levels left.
You didn't know any spells.
Your spell library contained the following spells:

 Spells                   Type           Power      Damage    Failure   Level
 Corpse Rot               Necr/Air       0%         N/A       50%         2
 Dispel Undead            Necr           0%         3d6       98%         4
 Death Channel            Necr           0%         N/A       100%        6


Dungeon Overview and Level Annotations

Branches:
Dungeon (7/15)             Temple (0/1) D:5         Ossuary (visited)

Altars:
Kikubaaqudgha
Qazlal
Zin

Shops:
D:6 (*(

Annotations:
D:4 2 transporters


Innate Abilities, Weirdness & Mutations

You are resistant to damage.
You can heal yourself by infusing magical energy.
You passively map the area around you.
You do not regenerate.


Message History

You closely miss the wyvern. The wyvern barely misses you.
You hit the wyvern but do no damage.
Space warps around the wyvern.
The wyvern is lightly wounded.
The wyvern bites you but does no damage.
The wyvern completely misses you.
You closely miss the wyvern.
The wyvern is lightly wounded.
The wyvern closely misses you. You block the wyvern's attack.
You hit the wyvern.
The wyvern is moderately wounded.
The wyvern bites you but does no damage.
The wyvern bites you!
* * * LOW HITPOINT WARNING * * *
You hit the wyvern.
Space warps around the wyvern.
The wyvern is heavily wounded.
The wyvern bites you!
* * * LOW HITPOINT WARNING * * *
You closely miss the wyvern.
The wyvern is heavily wounded.
The wyvern bites you but does no damage.
The wyvern misses you.
You hit the wyvern.
The wyvern is severely wounded.
The wyvern blinks!
The wyvern bites you but does no damage.
Found a scroll of identify.
The wyvern closely misses you.
You barely miss the wyvern.
The wyvern is severely wounded.
You block the wyvern's attack. The wyvern bites you!
* * * LOW HITPOINT WARNING * * *
You closely miss the wyvern.
The wyvern is severely wounded.
The wyvern bites you.
* * * LOW HITPOINT WARNING * * *
The wyvern closely misses you.
Okay, then.
You closely miss the wyvern.
The wyvern is severely wounded.
The wyvern bites you.
You die...

* ,, , ≈, , #####?##
, * .(.....# , ,, *
#......# , , *
#(.[...### , ##
#........# , ,
.##.##......... ,
,,.....#......... ,
,* *#....@...## # *
*###...l.....# .# ,
,, ............# ..#
, *#..###.?....###.#
, #. #......#...# ,
#.. *#........# ,,
**#..###.......###
.. , ,
.......#.......# ..
..##.......#.......#
### **


You could see a wyvern.

Vanquished Creatures
  The ghost of Heh the Skirmisher, a novice OpBr of Gozag (D:4)
  Sigmund (D:2)
  A water moccasin (D:7)
  An orc warrior (D:6)
  A sky beast (D:5)
  2 ice beasts
  3 necrophages
  An ogre (D:5)
  A centaur (D:4)
  3 kobold brigands (D:5)
  14 scorpions
  2 bullfrogs
  A wyvern zombie (D:6)
  A water moccasin skeleton (D:4)
  4 centaur zombies (Ossuary)
  3 hounds
  5 orc priests
  A bullfrog skeleton (D:5)
  2 centaur skeletons (D:7)
  Ijyb (D:3)
  Jessica (D:2)
  Natasha (twice) (D:3)
  Terence (D:2)
  4 iguanas
  9 scorpion zombies (Ossuary)
  4 orc wizards
  4 mummies
  A howler monkey zombie (D:6)
  A howler monkey skeleton (D:4)
  8 adders
  9 gnolls
  2 worms (D:2)
  3 dart slugs
  17 orcs
  4 ball pythons
  5 endoplasms
  2 giant cockroaches (D:1)
  2 gnoll zombies (Ossuary)
  A goblin (D:3)
  9 hobgoblins
  6 jackals
  49 kobolds
  2 quokkas
  4 bats
  6 frilled lizards
  A goblin zombie (Ossuary)
  A hobgoblin zombie (Ossuary)
  2 kobold zombies
  4 orc zombies
  6 rats
219 creatures vanquished.

Notes
Turn   | Place    | Note
-------+----------+-------------------------------------------
     0 | D:1      | lonewolfV2 the Deep Dwarf Fighter began the quest for the
                  | Orb.
     0 | D:1      | Reached XP level 1. HP: 20/20 MP: 1/1
    39 | D:1      | Reached XP level 2. HP: 25/27 MP: 2/2
   468 | D:2      | Reached XP level 3. HP: 27/33 MP: 3/3
   552 | D:2      | Noticed Terence
   568 | D:2      | Killed Terence
   569 | D:2      | Reached skill level 3 in Axes
   644 | D:2      | Noticed Sigmund
   652 | D:2      | Reached XP level 4. HP: 28/42 MP: 4/4
   671 | D:2      | Killed Sigmund
   672 | D:2      | Reached skill level 4 in Axes
   672 | D:2      | Reached skill level 1 in Dodging
   672 | D:2      | Reached XP level 5. HP: 25/49 MP: 5/5
  1036 | D:2      | Noticed Jessica
  1039 | D:2      | Killed Jessica
  1040 | D:2      | Reached XP level 6. HP: 53/56 MP: 6/6
  1305 | D:3      | Found a glowing silver altar of Zin.
  1306 | D:3      | Found an ancient bone altar of Kikubaaqudgha.
  1445 | D:3      | Noticed Natasha
  1454 | D:3      | Killed Natasha
  1455 | D:3      | Reached skill level 5 in Axes
  1455 | D:3      | Reached skill level 5 in Armour
  1557 | D:3      | Noticed Ijyb
  1574 | D:3      | Killed Ijyb
  1807 | D:3      | Noticed Natasha
  1825 | D:3      | Killed Natasha
  1895 | D:4      | Reached XP level 7. HP: 30/63 MP: 4/4
  1940 | D:4      | Found a runed translucent door.
  2001 | D:4      | Found a transporter.
  2030 | D:4      | Found a transporter.
  2123 | D:4      | Noticed Heh's ghost (novice OpBr)
  2177 | D:4      | Found a sand-covered staircase.
  2187 | Ossuary  | Entered an ossuary
  2245 | Ossuary  | Reached skill level 6 in Axes
  2364 | Ossuary  | Reached XP level 8. HP: 45/73 MP: 3/3
  2393 | Ossuary  | Reached skill level 7 in Axes
  2494 | Ossuary  | Reached skill level 8 in Axes
  3019 | D:4      | Killed Heh's ghost
  3020 | D:4      | Reached skill level 5 in Fighting
  3020 | D:4      | Reached skill level 9 in Axes
  3020 | D:4      | Reached skill level 5 in Shields
  3020 | D:4      | Gained mutation: You passively map the area around you.
                  | [Deep Dwarf growth]
  3020 | D:4      | Reached XP level 9. HP: 28/81 MP: 4/4
  3083 | D:5      | Entered Level 5 of the Dungeon
  3502 | D:5      | Reached skill level 10 in Axes
  3846 | D:5      | Found a staircase to the Ecumenical Temple.
  4429 | D:6      | Found Xeklaumm's Weapon Emporium.
  4538 | D:6      | Found a stormy altar of Qazlal.
  4662 | D:6      | Found Icymubiw's Antique Weapon Boutique.
  4757 | D:6      | Found Kaeliduv's General Store.
  4896 | D:6      | Reached skill level 1 in Maces & Flails
  5317 | D:7      | Reached XP level 10. HP: 19/91 MP: 1/1
  5415 | D:7      | HP: 2/91 [wyvern (10)]
  5417 | D:7      | Slain by a wyvern

Illustrated notes

Levels and vault maps discovered:
D:1:      amcnicky_arrival_choice, layout_basic, dk_noncrumbling_3
D:2:      layout_rooms, uniq_sigmund, uniq_jessica, uniq_terence
D:3:      layout_basic, nicolae_overflow_squiral, uniq_ijyb, uniq_natasha
D:4:      gammafunk_steamed_eel, layout_cave_pools, nicolae_ossuary_entry_giza,
          ebering_ghost_inner_flame, minmay_increasing_density
D:5:      minmay_goblin_kobold_castle, layout_basic,
          minmay_temple_entry_from_below_a
D:6:      layout_loops_ring, nicolae_qazlal_style_of_elements, serial_shops,
          nicolae_shop_competitors_out_of_business, shop,
          nicolae_shop_advertising_works [nicolae_subvault_shop_adworks],
          eino_small_chamber_without_monster
D:7:      layout_cave_pools, nicolae_uskayaw_suspiria, serial_shops, shop,
          uniq_joseph

Skill      XL: |  1  2  3  4  5  6  7  8  9 10 |
---------------+-------------------------------+-----
Armour         | 4 5 6 7 8 |  8.1
Fighting       | 3 4 5 |  5.9
Axes           | 3 4 5 6 9 10 | 10.8
Dodging        | 1 2 3 4 |  4.0
Shields        | 4 5 |  5.5
Maces & Flails | 1 |  1.8
Stealth        | 2 |  2.0

Action                   |  1- 3 |  4- 6 |  7- 9 | 10-12 || total
-------------------------+-------+-------+-------+-------++-------
Melee: War axe           |    90 |   136 |   430 |       ||   656
       Mace              |       |       |    66 |    31 ||    97
 Abil: Heal Wounds       |     1 |    10 |    16 |     1 ||    28
  Use: Scroll            |     4 |     1 |     8 |       ||    13
       Potion            |       |     5 |     5 |       ||    10
Armor: Scale mail        |    51 |    82 |   218 |    29 ||   380
       Skin              |       |     4 |       |       ||     4
Dodge: Dodged            |    68 |    55 |   223 |    33 ||   379
Block: Buckler           |    31 |    42 |   172 |    17 ||   262
